 Dungeon Crawl Stone Soup version 0.28.0-53-g5a82cb258f (webtiles) character file.

Game seed: 17204410547812207903

9093 dreevild the Geomancer (level 11, 0/130 HPs)
             Began as a Formicid Earth Elementalist on July 8, 2022.
             Was a Priest of Vehumet.
             Slain by a boulder beetle (17 damage)
             ... on level 11 of the Dungeon.
             The game lasted 01:19:12 (14028 turns).

dreevild the Geomancer (FoEE)                      Turns: 14028, Time: 01:19:13

Health: 0/130      AC: 29    Str: 18    XL:     11   Next: 68%
Magic:  0/21       EV:  2    Int: 20    God:    Vehumet [***...]
Gold:   536        SH:  0    Dex: 11    Spells: 11/24 levels left

rFire   . . .      SeeInvis .   d - +5 scimitar
rCold   . . .      Faith    .   (no shield)
rNeg    . . .      Spirit   .   (armour currently unavailable)
rPois   +          Reflect  .   (helmet unavailable)
rElec   .          Harm     .   (cloak currently unavailable)
rCorr   .          Rampage  .   (gloves currently unavailable)
Will    +....                   (boots currently unavailable)
Stlth   ++........              (no amulet)
HPRegen 0.31/turn               u - +4 ring of protection
MPRegen 0.17/turn               w - +6 ring of strength

@: tree-form (expiring)
A: stationary, stasis, torment immunity, boosted hp, permanent stasis, dig
shafts and tunnels, (antennae 3), four strong arms
a: Renounce Religion


You were on level 11 of the Dungeon.
You worshipped Vehumet.
Vehumet was most pleased with you.
You were a tree.
You visited 1 branch of the dungeon, and saw 11 of its levels.

You collected 536 gold pieces.

Inventory:

Hand Weapons
 d - a +5 scimitar (weapon)
 i - a +2 short sword of venom
 p - a +0 great sword
Missiles
 c - 246 stones
 e - 9 boomerangs
 A - a throwing net
Armour
 f - a +2 cloak of stealth (melded)
 q - a +0 ring mail
 B - a +0 leather armour
 D - a +0 pair of boots (melded)
 I - a +0 pair of gloves (melded)
 N - a +0 robe of fire resistance (melded)
Magical Staves
 M - a staff of death
Jewellery
 j - a ring of resist corrosion
 s - a +6 ring of strength
 u - a +4 ring of protection (left branch)
 w - a +6 ring of strength (right branch)
 y - a ring of protection from cold
 F - a ring of wizardry
Wands
 t - a wand of flame (27) (quivered)
 z - a wand of digging (4)
 C - a wand of iceblast (24)
 O - a wand of acid (1)
Scrolls
 b - a scroll of holy word {unknown}
 m - 3 scrolls of immolation {unknown}
 n - 2 scrolls of fear {unknown}
 o - a scroll of amnesia {unknown}
 v - a scroll of fog {unknown}
 x - a scroll of brand weapon {unknown}
 E - 2 scrolls of noise {unknown}
 H - a scroll of enchant armour {unknown}
 J - a scroll of blinking {unknown}
 K - a scroll of identify
 P - a scroll of vulnerability {unknown}
Potions
 a - a potion of magic
 g - 2 potions of attraction
 h - a potion of curing
 k - 4 potions of lignification
 l - a potion of might {unknown}
 r - a potion of heal wounds
 G - a potion of brilliance
 L - a potion of ambrosia {unknown}


   Skills:
 + Level 8.3 Fighting
 + Level 8.0 Armour
 - Level 2.0 Dodging
 - Level 2.5 Stealth
 + Level 7.1 Spellcasting
 + Level 5.9 Conjurations
 - Level 6.0 Transmutations
 + Level 5.0 Ice Magic
 + Level 8.9 Earth Magic


You had 11 spell levels left.
You knew the following spells:

 Your Spells              Type           Power      Damage    Failure   Level
a - Sandblast             Erth           84%        2d18      1%          1
b - Stone Arrow           Conj/Erth      72%        3d11      1%          3
c - Magic Dart            Conj           100%       1d8       1%          1
d - Petrify               Tmut/Erth      37%        N/A       4%          4
e - Poisonous Vapours     Pois/Air       14%        N/A       4%          2
f - Passwall              Tmut/Erth      30%        N/A       1%          2

Your spell library contained the following spells:

 Spells                   Type           Power      Damage    Failure   Level
 Freeze                   Ice            100%       1d11      1%          1
 Frozen Ramparts          Ice            54%        1d7       1%          3
 Dazzling Flash           Conj/Hex       38%        N/A       2%          3
 Hailstorm                Conj/Ice       29%        3d8       2%          4
 Irradiate                Conj/Tmut      15%        3d18      6%          5
 Blade Hands              Tmut           15%        N/A       22%         5
 Animate Dead             Necr           3%         N/A       67%         4
 Agony                    Necr           7%         N/A       95%         5
 Silence                  Hex/Air        3%         N/A       95%         5
 Dragon Form              Tmut           15%        N/A       100%        7
 Haunt                    Necr/Summ      3%         N/A       100%        7
 Infestation              Necr           3%         N/A       100%        8


Dungeon Overview and Level Annotations

Branches:
Dungeon (11/15)            Temple (0/1) D:4            Lair (0/6) D:8
    Orc (0/2) D:9

Altars:
Ashenzari
Kikubaaqudgha
Okawaru
Vehumet
Zin
The Shining One

Shops:
D:10 :

Annotations:
D:11 Snorg


Innate Abilities, Weirdness & Mutations

You are a tree.
Your roots penetrate the ground, keeping you stationary.
You cannot be teleported.
You are immune to unholy pain and torment.
Your maximum health is greatly increased.
Your equipment is partially melded.
You cannot be hasted, slowed, berserked, paralysed or teleported.
You can dig through walls and to a lower floor.
((You have a pair of large antennae on your head. (SInv)))
Your four strong arms can wield two-handed weapons with a shield.


Message History

Snorg barely misses you. Snorg bites you but does no damage. Snorg claws you!
* * * LOW HITPOINT WARNING * * *
Snorg claws you but does no damage.
You slash Snorg!
Snorg is moderately wounded.
Snorg bites you but does no damage. Snorg claws you but does no damage.
Snorg claws you!
* * * LOW HITPOINT WARNING * * *
Snorg bites you but does no damage. Snorg barely misses you.
Snorg claws you but does no damage.
You feel much better.
The boulder beetle is no longer petrified.
Snorg bites you. Snorg claws you but does no damage. x2
You feel much better.
Snorg is no longer covered in acid.
Snorg completely misses you. Snorg claws you! Snorg claws you. Snorg bites you.
Snorg claws you but does no damage. x2
Casting: Poisonous Vapours (safe; 4% risk of failure)
Confirm with . or Enter, or press ? or * to list all spells.
Aiming: Poisonous Vapours (safe; 4% risk of failure)
Press: ? - help, Dir - move target, f - boulder beetle, p - Snorg
Aim: a boulder beetle Poisonous vapours surround the boulder beetle!
The boulder beetle is poisoned.
Snorg bites you. Snorg claws you but does no damage. Snorg claws you!
* * * LOW HITPOINT WARNING * * *
The boulder beetle bites you.
* * * LOW HITPOINT WARNING * * *
The orc warrior hits you with a +0 short sword!
* * * LOW HITPOINT WARNING * * *
You hit the boulder beetle but do no damage.
Your transformation is almost over.
Snorg bites you but does no damage. Snorg claws you but does no damage.
Snorg claws you!
* * * LOW HITPOINT WARNING * * *
The boulder beetle bites you but does no damage.
Snorg bites you but does no damage. Snorg claws you but does no damage. x2
The orc warrior hits you with a +0 short sword.
* * * LOW HITPOINT WARNING * * *
The boulder beetle bites you!
You die...

#.......................
#.......................
##.......................
...........########......
..........#......#......
###......#......#......
#......#......#...###
#...Bo.+..........#
#..†♣T.#.......##.#
#.......†.........##...#
#####...###.....##.....#
#..)#...#.##...##..###
#...#.................
....$....#....##...####
#.........#.............
#........#....#.........
......#..#...........


You could see Snorg (berserk), a boulder beetle (poisoned) and an orc warrior.

Vanquished Creatures
  An elephant (D:8)
  An unseen horror (D:10)
  Psyche (D:11)
  3 hornets
  A troll (D:10)
  11 yaks
  A wyvern (D:9)
  7 vampire mosquitoes
  A steam dragon (D:8)
  A basilisk (D:8)
  Menkaure (D:5)
  An acid dragon (D:9)
  A water moccasin (D:7)
  6 orc warriors
  A black bear (D:8)
  3 necrophages
  2 sky beasts
  2 ice beasts (D:7)
  4 centaurs
  3 ogres
  4 kobold brigands
  A bullfrog (D:7)
  2 gnoll sergeants
  A scorpion (D:5)
  8 wights
  A howler monkey (D:6)
  2 bullfrog skeletons (D:6)
  5 centaur zombies
  4 orc priests
  A gnoll shaman (D:5)
  An iguana (D:5)
  4 orc wizards
  A scorpion zombie (D:5)
  2 hound skeletons
  Robin (D:2)
  8 gnolls
  8 adders
  A howler monkey skeleton (D:7)
  A white imp (D:5)
  3 ufetubi
  An adder skeleton (D:4)
  A worm (D:4)
  2 dart slugs
  34 orcs
  9 ball pythons
  4 bats
  8 endoplasms
  5 giant cockroaches
  16 hobgoblins
  10 jackals
  8 quokkas
  2 frilled lizards (D:1)
  16 goblins
  27 kobolds
  6 rats
260 creatures vanquished.

Vanquished Creatures (others)
  A plant (D:8)
1 creature vanquished.

Grand Total: 261 creatures vanquished

Notes
Turn   | Place    | Note
-------+----------+-------------------------------------------
     0 | D:1      | dreevild the Formicid Earth Elementalist began the quest
                  | for the Orb.
     0 | D:1      | Reached XP level 1. HP: 13/13 MP: 3/3
   132 | D:1      | Reached XP level 2. HP: 16/19 MP: 0/5
   388 | D:1      | Found a faded altar of an unknown god.
   409 | D:1      | Reached XP level 3. HP: 21/25 MP: 3/6
   413 | D:1      | Learned a level 3 spell: Stone Arrow
   610 | D:1      | Reached skill level 1 in Fighting
  1230 | D:2      | Reached XP level 4. HP: 31/32 MP: 5/7
  1592 | D:2      | Noticed Robin
  1739 | D:2      | Killed Robin
  2450 | D:3      | Reached skill level 1 in Conjurations
  2457 | D:3      | Reached XP level 5. HP: 38/38 MP: 5/9
  3176 | D:4      | Found a radiant altar of Vehumet.
  3176 | D:4      | Found an iron altar of Okawaru.
  3187 | D:4      | Became a worshipper of Vehumet
  3353 | D:4      | Noticed an ogre
  3617 | D:4      | Reached skill level 1 in Armour
  3631 | D:4      | Reached XP level 6. HP: 36/46 MP: 8/10
  4037 | D:4      | Killed an ogre
  4331 | D:4      | Found a staircase to the Ecumenical Temple.
  4424 | D:5      | Entered Level 5 of the Dungeon
  4842 | D:5      | Reached XP level 7. HP: 52/52 MP: 11/11
  4871 | D:5      | Reached * piety under Vehumet
  4871 | D:5      | Offered knowledge of Magic Dart by Vehumet.
  4875 | D:5      | Learned a level 1 spell: Magic Dart
  5034 | D:5      | Reached skill level 5 in Earth Magic
  5212 | D:5      | Noticed Menkaure
  5218 | D:5      | Killed Menkaure
  5743 | D:5      | Reached XP level 8. HP: 60/60 MP: 9/13
  6802 | D:6      | Reached skill level 5 in Fighting
  7002 | D:6      | Reached XP level 9. HP: 64/68 MP: 1/15
  7253 | D:6      | Reached skill level 5 in Armour
  7380 | D:6      | Found an ancient bone altar of Kikubaaqudgha.
  7461 | D:6      | Learned a level 4 spell: Petrify
  7843 | D:7      | Reached skill level 1 in Ice Magic
  8237 | D:7      | Reached skill level 5 in Spellcasting
  8237 | D:7      | Reached skill level 5 in Transmutations
  8761 | D:7      | Found the +6 lightning scales {swift, rElec}
  9066 | D:8      | Noticed an elephant
  9070 | D:8      | Reached XP level 10. HP: 77/77 MP: 10/17
  9230 | D:8      | Killed an elephant
  9360 | D:8      | Learned a level 2 spell: Passwall
  9414 | D:8      | Reached ** piety under Vehumet
  9414 | D:8      | Offered knowledge of Static Discharge by Vehumet.
  9575 | D:8      | Found a staircase to the Lair.
  9624 | D:8      | Found a broken altar of Ashenzari.
  9842 | D:9      | Found a staircase to the Orcish Mines.
 11042 | D:9      | Offered knowledge of Poisonous Vapours by Vehumet.
 11146 | D:9      | Learned a level 2 spell: Poisonous Vapours
 11555 | D:9      | Reached skill level 5 in Conjurations
 11567 | D:9      | Reached XP level 11. HP: 40/84 MP: 3/20
 11997 | D:9      | Identified the +5 dagger of Kuasokor {vorpal, Fly Will+
                  | Stlth+}
 12117 | D:10     | Entered Level 10 of the Dungeon
 12688 | D:10     | Reached *** piety under Vehumet
 13151 | D:10     | Found a glowing silver altar of Zin.
 13154 | D:10     | Found a glowing golden altar of the Shining One.
 13523 | D:10     | Found Roduer's Book Shop.
 14000 | D:11     | Noticed Psyche
 14005 | D:11     | Killed Psyche
 14008 | D:11     | Noticed Snorg
 14012 | D:11     | Reached skill level 5 in Ice Magic
 14014 | D:11     | Noticed a boulder beetle
 14028 | D:11     | Slain by a boulder beetle

Illustrated notes

Levels and vault maps discovered:
D:1:      dpeg_arrival_arbitrary_b, layout_rooms,
          nicolae_ecumenical_snake_handling
D:2:      layout_basic, minivault_5, minmay_fractal_squares_5, uniq_robin
D:3:      layout_rooms, roderic_roman_lattice
D:4:      layout_loops_corners, jmf_multi_god_temple, minmay_temple_entry_fiery,
          hangedman_minor_gate_pass
D:5:      layout_layer_cave, uniq_menkaure
D:6:      layout_cave_pools, mainiacjoe_overflow_concentric_impassable,
          dk_rats_in_the_wall
D:7:      layout_rooms
D:8:      layout_gridville, marbit_many_paths, david_lair_generic
D:9:      layout_roguey, david_orc_2, serial_curves, eino_curves_03,
          eino_curves_02, minmay_statues_item
D:10:     minmay_recursive_quarters, layout_basic,
          chequers_temple_overflow_statue_of_worship, nicolae_wooded_promenade,
          minmay_misc_feat_roman, minivault_25
D:11:     layout_irregular_city, serial_column_ruins, column_ruins_hut_pillars,
          column_ruins_open_tiny, column_ruins_grid_4,
          column_ruins_corridor_corner, column_ruins_open_tiny,
          hangedman_decor_peaks_small, lemuel_zombie_altar_yredelemnul,
          uniq_snorg, uniq_urug, uniq_psyche

Skill      XL: |  1  2  3  4  5  6  7  8  9 10 11 |
---------------+----------------------------------+-----
Dodging        | 2 |  2.0
Fighting       | 1 2 3 4 5 6 7 8 |  8.3
Earth Magic    | 4 5 6 8 |  8.9
Transmutations | 2 3 4 5 6 |  6.0
Conjurations   | 1 2 3 4 5 |  5.9
Spellcasting   | 3 4 5 6 7 |  7.1
Armour         | 1 2 3 4 6 7 8 |  8.0
Ice Magic      | 2 3 5 |  5.0
Stealth        | |  2.5

Action                   |  1- 3 |  4- 6 |  7- 9 | 10-12 || total
-------------------------+-------+-------+-------+-------++-------
Melee: Unarmed           |     4 |       |       |       ||     4
       Mace              |    77 |     4 |       |       ||    81
       Punch             |     2 |     1 |     1 |     6 ||    10
       Short sword       |       |    94 |       |       ||    94
       Great sword       |       |    54 |    52 |       ||   106
       Scimitar          |       |       |    49 |   162 ||   211
 Cast: Sandblast         |    22 |    22 |    55 |    45 ||   144
       Stone Arrow       |       |     7 |    43 |    61 ||   111
       Magic Dart        |       |       |    43 |    28 ||    71
       Petrify           |       |       |     2 |    17 ||    19
       Poisonous Vapours |       |       |       |     9 ||     9
Evoke: Wand              |       |     3 |     2 |     1 ||     6
  Use: Scroll            |       |     6 |       |     2 ||     8
       Potion            |       |       |     2 |     4 ||     6
 Stab: Sleeping          |     5 |    10 |       |     1 ||    16
       Distracted        |       |     1 |       |       ||     1
       Petrified         |       |       |    13 |    29 ||    42
       Petrifying        |       |       |     1 |     2 ||     3
Armor: Robe              |    24 |    52 |    71 |   112 ||   259
       Skin              |       |       |       |    56 ||    56
Dodge: Dodged            |    80 |   110 |   120 |   149 ||   459
